 Dungeon Crawl Stone Soup version 0.24.0-13-gcf9b3192b9 (webtiles) character file.

Game seed: 2385595773911429355, levelgen mode: deterministic

36 Acheron the Charmwright (level 3, -1/21 HPs)
             Began as a Deep Elf Skald on Nov 10, 2019.
             Slain by a goblin
             ... wielding a +0 club
              (3 damage)
             ... on level 2 of the Dungeon.
             The game lasted 00:03:04 (745 turns).

Acheron the Charmwright (Deep Elf Skald)             Turns: 745, Time: 00:03:05

Health: -1/21      AC:  3    Str:  8    XL:     3   Next: 19%
Magic:  0/10       EV: 12    Int: 17    God:
Gold:   69         SH:  0    Dex: 15    Spells: 4/9 levels left

rFire    . . .     SeeInvis .   a - +0 falchion
rCold    . . .     Gourm    .   (no shield)
rNeg     . . .     Faith    .   b - +0 leather armour
rPois    .         Spirit   .   (no helmet)
rElec    .         Reflect  .   (no cloak)
rCorr    .         Harm     .   (no gloves)
MR       .....                  (no boots)
Stlth    +.........             (no amulet)
HPRegen  0.07/turn              (no ring)
MPRegen  0.12/turn              (no ring)

@: infused
A: no striking features
a: no special abilities


You were on level 2 of the Dungeon.
You were not hungry.

You visited 1 branch of the dungeon, and saw 2 of its levels.

You collected 69 gold pieces.

Inventory:

Hand Weapons
 a - a +0 falchion (weapon)
 h - a +0 dagger
 k - a +0 short sword
Armour
 b - a +0 leather armour (worn)
Scrolls
 c - a scroll of magic mapping {unknown}
 e - a scroll of noise {unknown}
 f - a scroll of random uselessness {unknown}
Potions
 i - a potion of might {unknown}
 j - a potion of agility {unknown}
Comestibles
 d - 3 rations
 g - 2 chunks of flesh


   Skills:
 + Level 1.8 Fighting
 + Level 1.9 Long Blades
 + Level 0.9 Armour
 + Level 2.7 Dodging
 + Level 0.4 Stealth
 + Level 3.5 Spellcasting
 + Level 5.1 Charms
 + Level 0.3 Translocations


You had 4 spell levels left.
You knew the following spells:

 Your Spells              Type           Power        Failure   Level  Hunger
a - Infusion              Chrm           ###.         2%          1    None
b - Shroud of Golubria    Chrm/Tloc      ##....       12%         2    ##.....
c - Song of Slaying       Chrm           ###.....     4%          2    ##.....

Your spell library contained the following spells:

 Spells                   Type           Power        Failure   Level  Hunger
 Regeneration             Chrm/Necr      ##........   24%         3    ###....
 Spectral Weapon          Hex/Chrm       ##......     24%         3    ###....


Dungeon Overview and Level Annotations

Branches:
Dungeon (2/15)

Altars:


Message History

The adder is severely wounded.
The adder bites you.
* * * LOW HITPOINT WARNING * * *
The adder closely misses you.
Some of the chunks of flesh in your inventory have rotted away.
You hit the adder!
You kill the adder!
You have reached level 3!
Your experience leads to an increase in your attributes!
Increase (S)trength, (I)ntelligence, or (D)exterity?
You feel agile.
Your magical infusion is running out.
You are no longer magically infusing your attacks.
Found 21 stones and a ruby ring.
Found a ring mail.
Casting: Infusion (safe; 2% risk of failure)
Confirm with . or Enter, or press ? or * to list all spells.
You begin infusing your attacks with magical energy.
The goblin hits you with a +0 club.
You die...

...[.....#
..=......#
.(......###
.........
#......####..
#...........
#.......##...#
#.g@...#...#
#.###..#...#
#.#.<..#%..#
#.#.#..#...#
#.#....#..)#
#.####.#...#
#...†÷†....#
######..#$.#
.......#


You could see a goblin.

Vanquished Creatures
  An adder (D:2)
  2 dart slugs (D:1)
  A leopard gecko (D:1)
  A bat (D:2)
  A giant cockroach (D:1)
  3 goblins
  A hobgoblin (D:1)
  4 jackals (D:1)
  3 kobolds
  A frilled lizard (D:1)
  2 rats
20 creatures vanquished.

Notes
Turn   | Place    | Note
-------+----------+-------------------------------------------
     0 | D:1      | Acheron the Deep Elf Skald began the quest for the Orb.
     0 | D:1      | Reached XP level 1. HP: 12/12 MP: 6/6
   216 | D:1      | Reached XP level 2. HP: 7/16 MP: 0/8
   220 | D:1      | Learned a level 2 spell: Shroud of Golubria
   223 | D:1      | Learned a level 2 spell: Song of Slaying
   591 | D:1      | Reached skill level 5 in Charms
   736 | D:2      | Reached XP level 3. HP: 1/21 MP: 0/10
   745 | D:2      | Slain by a goblin

Levels and vault maps discovered:
D:1:      psy_arrival_dodecagon, layout_basic, dk_noncrumbling_4
D:2:      layout_basic, xom_butterflies, first_ration,
          kennysheep_generic_room_12, uniq_sigmund

Skill      XL: |  1  2 |
---------------+-------+-----
Charms         | 5 |  5.1
Fighting       | |  1.8
Long Blades    | |  1.9
Armour         | |  0.9
Dodging        | |  2.7
Stealth        | |  0.4
Spellcasting   | |  3.5
Translocations | |  0.3

Action                   || total
-------------------------++-------
Melee: Falchion          ||    50
 Cast: Infusion          ||     9
       Shroud of Golubri ||     4
 Stab: Sleeping          ||     1
Armor: Leather armour    ||    11
Dodge: Dodged            ||    40
       Rpst.: Falchion   ||    14
